 Seeded DCSS version 0.28.0-53-g5a82cb258f (webtiles) character file.

Game seed: 20220815 (custom seed)

2128 Nonny the Cruncher (level 9, -2/66 HPs)
             Began as a Vine Stalker Conjurer on Aug 15, 2022.
             Was an Initiate of Yredelemnul.
             Slain by Blork the orc
             ... wielding a +2 glaive of venom
              (12 damage)
             ... on level 6 of the Dungeon on Sept 2, 2022.
             The game lasted 00:41:11 (5007 turns).

Nonny the Cruncher (Vine Stalker Conjurer)          Turns: 5007, Time: 00:41:12

Health: -2/66      AC:  9    Str: 12    XL:     9   Next: 29%
Magic:  0/13       EV: 10    Int: 20    God:    Yredelemnul [......]
Gold:   413        SH:  0    Dex: 13    Spells: 4/12 levels left

rFire   . . .      SeeInvis +   e - +7 lajatang of Order {silver, rMut}
rCold   . . .      Faith    .   (shield currently unavailable)
rNeg    . . .      Spirit   +   o - +0 ring mail
rPois   .          Reflect  .   h - +0 helmet
rElec   .          Harm     .   (no cloak)
rCorr   +          Rampage  .   f - +1 pair of gloves
rMut    +                       (no boots)
Will    +....                   (no amulet)
Stlth   ..........              i - ring of resist corrosion
HPRegen 1.01/turn               l - ring of see invisible
MPRegen 0.13/turn

@: berserking, lethally poisoned (-2 -> -6), very quick
A: fangs 3, regeneration 1, magic shield, antimagic bite, no potion heal 2
a: Renounce Religion, Recall Undead Harvest


You were on level 6 of the Dungeon.
You worshipped Yredelemnul.
Yredelemnul was noncommittal.
You visited 2 branches of the dungeon, and saw 8 of its levels.

You collected 413 gold pieces.

Inventory:

Hand Weapons
 e - the +7 lajatang of Order (weapon) {silver, rMut}
   (You acquired it on level 3 of the Dungeon)

   It inflicts extra damage upon those it strikes, and deals substantially
   increased damage to chaotic, mutated and magically transformed beings.
   rMut:      It protects you from mutation.
 s - the +8 spear of Arbitration {freeze, MP+9}
   (You found it on level 3 of the Dungeon)

   It freezes those it strikes, dealing additional cold damage.
   It can also slow down cold-blooded creatures.
   MP:        It affects your magic capacity (+9).
Missiles
 g - 15 poisoned darts
 j - 6 boomerangs
 k - 4 silver boomerangs
Armour
 f - a +1 pair of gloves (worn)
 h - a +0 helmet (worn)
 o - a +0 ring mail (worn)
Jewellery
 i - a ring of resist corrosion (left hand)
 l - a ring of see invisible (right hand)
 x - a +4 ring of slaying
 y - an amulet of the acrobat
Wands
 m - a wand of charming (2)
 u - a wand of flame (3)
Scrolls
 c - 3 scrolls of amnesia
 n - a scroll of noise {unknown}
 p - a scroll of brand weapon {unknown}
 r - a scroll of fog {unknown}
 t - 2 scrolls of enchant armour
Potions
 a - a potion of mutation
 b - 3 potions of curing
 d - a potion of magic
 q - a potion of haste
 v - a potion of ambrosia {unknown}


   Skills:
 - Level 3.0 Fighting
 + Level 8.5 Staves
 + Level 3.7 Armour
 - Level 1.6 Dodging
 - Level 4.0 Stealth
 - Level 2.3 Spellcasting
 - Level 4.2 Conjurations
 - Level 3.0 Invocations


You had 4 spell levels left.
You knew the following spells:

 Your Spells              Type           Power      Damage    Failure   Level
a - Magic Dart            Conj           76%        1d6       6%          1
b - Searing Ray           Conj           38%        2d5       9%          2
c - Dazzling Flash        Conj/Hex       20%        N/A       38%         3
d - Passwall              Tmut/Erth      1%         N/A       43%         2

Your spell library contained the following spells:

 Spells                   Type           Power      Damage    Failure   Level
 Sandblast                Erth           4%         2d4       32%         1
 Slow                     Hex            8%         N/A       32%         1
 Stone Arrow              Conj/Erth      20%        3d8       38%         3
 Confusing Touch          Hex            2%         N/A       67%         3
 Gell's Gravitas          Tloc           2%         N/A       67%         3
 Lesser Beckoning         Tloc           2%         N/A       67%         3
 Teleport Other           Tloc           2%         N/A       67%         3
 Vampiric Draining        Necr           2%         2d6       67%         3
 Fulminant Prism          Conj/Hex       5%         3d7       80%         4
 Iskenderun's Mystic Bla  Conj/Tloc      10%        2d4       80%         4


Dungeon Overview and Level Annotations

Branches:
Dungeon (7/15)             Temple (1/1) D:4

Altars:
Ashenzari
Dithmenos
Elyvilon
Fedhas
Hepliaklqana
Kikubaaqudgha
Makhleb
Okawaru
Qazlal
Ru
Sif Muna
Trog
Uskayaw
Vehumet
Wu Jian
Yredelemnul
Zin

Annotations:
D:6 Blork the orc


Innate Abilities, Weirdness & Mutations

You have razor-sharp teeth.
Your natural rate of healing is unusually fast.
When hurt, damage is shared between your health and your magic reserves.
Your bite disrupts and absorbs the magic of your enemies.
Potions cannot restore your health.


Message History

Here: Blork the orc, wielding a +2 glaive of venom and wearing a +1 robe of willpower (lightly wounded, fast, slightly transparent, ally target)
The floor, spattered with blood.
The water moccasin skeleton bites your spectral shadow imp.
Your spectral shadow imp barely misses the water moccasin skeleton.
Blork the orc screams, "I don't like you!"
The water moccasin skeleton bites your spectral shadow imp.
Your spectral shadow imp is destroyed!
Blork the orc barely misses you.
Blork the orc begins to cast a cantrip, but forgets the words!
Blork the orc miscasts a cantrip.
Blork the orc barely misses you. Blork the orc casts a spell at you.
The puff of frost hits you but does no damage.
Blork the orc casts a spell at you. The magic dart hits you.
Blork the orc screams, "I'm going to kill you!"
Blork the orc barely misses you.
Blork the orc hits you from afar with a +2 glaive of venom!
You are lethally poisoned!
* * * LOW HITPOINT WARNING * * *
You feel very sick.
* * * LOW HITPOINT WARNING * * *
You feel very sick.
Blork the orc points at you and mumbles some strange words.
The puff of flame hits you but does no damage.
There is an open door here.
Unknown command.
Okay, then.
Your system rejects the healing.
You feel better.
Blork the orc hits you from afar with a +2 glaive of venom.
* * * LOW HITPOINT WARNING * * *
Unknown command.
A red film seems to cover your vision as you go berserk!
You feel yourself moving faster!
You feel mighty!
Blork the orc hits you from afar with a +2 glaive of venom.
* * * LOW HITPOINT WARNING * * *
You are poisoned.
Blork the orc hits you from afar with a +2 glaive of venom!
You die...
Your body rises from the dead as a mindless zombie.

.#.#...... ..# ##.... #..........
..+ ....... .###........ ..#
##..#.# .......#..<#. ..# .......
####'#####...#... ..#
#....####......#....<#.)# ..###+#
#.....#......##.#..#..# .......
#.....#......##.##.#..#
.......####...oZ@......##..#Z#...
................####...##..#.#.#.
................# #.>.....#.#.#.
######..........####.#...#.......
# #..........##...#.#.#.#.#.## #
#.)........##.###.#.#.#.#'## #
#..........##.# #.#.#.......
######..........##.###.#.#.......
..Z...........####.....#.........


You could see Blork the orc (fast) and a water moccasin skeleton.

Vanquished Creatures
  Prince Ribbit (D:6)
  A steam dragon (D:6)
  Menkaure (D:7)
  A sky beast (D:6)
  An ice beast (D:6)
  A black bear (D:4)
  3 necrophages
  3 phantoms
  3 scorpions
  A water moccasin skeleton (D:5)
  2 howler monkeys
  A bullfrog zombie (D:5)
  2 orc priests
  A centaur skeleton (D:6)
  A hound (D:5)
  2 iguanas
  3 orc wizards
  Robin (D:2)
  An adder (D:6)
  A shadow imp (D:6)
  An ufetubus (D:5)
  5 dart slugs
  11 orcs
  6 ball pythons
  7 endoplasms
  6 giant cockroaches
  11 goblins
  4 hobgoblins
  3 jackals (D:2)
  4 kobolds
  3 quokkas
  6 bats
  2 frilled lizards
  4 rats
  A spectral orc (D:3)
105 creatures vanquished.

Vanquished Creatures (collateral kills)
  Eustachio (D:6)
  A bullfrog (D:6)
  A bullfrog zombie (D:6)
  An orc (D:6)
4 creatures vanquished.

Vanquished Creatures (others)
  A spectral ice beast (D:6)
  A bullfrog zombie (D:6)
  A steam dragon zombie (D:6)
  An adder zombie (D:6)
  A spectral shadow imp (D:6)
  3 orc zombies
  2 plants (D:1)
10 creatures vanquished.

Grand Total: 119 creatures vanquished

Notes
Turn   | Place    | Note
-------+----------+-------------------------------------------
     0 | D:1      | Nonny the Vine Stalker Conjurer began the quest for the
                  | Orb.
     0 | D:1      | Reached XP level 1. HP: 9/9 MP: 4/4
   272 | D:1      | Starting vault: 8 rooms.
   272 | D:1      | Contains a few cockroaches and a rat.
   307 | D:1      | Reached XP level 2. HP: 11/14 MP: 3/6
   426 | D:1      | Kobold with +1 whip of draining.
   506 | D:1      | Reached skill level 1 in Fighting
   592 | D:1      | Found a faded altar of an unknown god.
   797 | D:1      | Reached XP level 3. HP: 13/18 MP: 4/7
   810 | D:2      | GOONENGOSHRA - identify
   810 | D:2      | Fizzy black potion - curing
   951 | D:2      | Noticed Robin
  1303 | D:2      | Killed Robin
  1489 | D:2      | Learned a level 2 spell: Searing Ray
  1493 | D:2      | Learned a level 3 spell: Dazzling Flash
  1518 | D:2      | rCorr ring
  1589 | D:2      | Gained mutation: Your natural rate of healing is unusually
                  | fast. [Vine Stalker growth]
  1589 | D:2      | Reached XP level 4. HP: 21/23 MP: 8/8
  1610 | D:2      | Book of Geomancy
  1622 | D:2      | fuming yellow potion - magic
  1664 | D:2      | sInv ring
  1821 | D:3      | XOUSKO OFEXT - enchant armour
  1821 | D:3      | Identified a scroll of acquirement
  1821 | D:3      | Acquired the +7 lajatang of Order {silver, rMut}
  1821 | D:3      | Found the +7 lajatang of Order {silver, rMut}
  1825 | D:3      | BRUH
  1825 | D:3      | Incredible.
  1906 | D:3      | Reached skill level 1 in Staves
  2192 | D:3      | Identified the +8 spear of Arbitration {freeze, MP+9}
  2194 | D:3      | A good artifact spear for those who are unlikely to get the
                  | Lajatang of Order. :)
  2356 | D:3      | Found a basalt altar of Yredelemnul.
  2360 | D:3      | Reached XP level 5. HP: 28/28 MP: 9/9
  2363 | D:3      | Became a worshipper of Yredelemnul the Dark
  2390 | D:4      | GEM UGYITAM - magic mapping
  2391 | D:4      | ODDINO JEOZUOL - amnesia
  2392 | D:4      | GOMNOA VYROM - teleportation
  2393 | D:4      | RAFUKU LETUY - blinking
  2429 | D:4      | Found a blossoming altar of Fedhas.
  2430 | D:4      | Found an ancient bone altar of Kikubaaqudgha.
  2438 | D:4      | Altar vault: contrast of Kiku and Fedhas.
  2464 | D:4      | Noticed a necrophage
  2473 | D:4      | Killed a necrophage
  2474 | D:4      | Reached skill level 2 in Staves
  2474 | D:4      | Reached skill level 1 in Invocations
  2476 | D:4      | Noticed a black bear
  2499 | D:4      | Reached skill level 3 in Staves
  2499 | D:4      | Reached XP level 6. HP: 21/32 MP: 8/10
  2501 | D:4      | Killed a black bear
  2504 | D:4      | Reached * piety under Yredelemnul
  2607 | D:4      | Found a staircase to the Ecumenical Temple.
  2609 | D:4      | You fall into a shaft and drop 3 floors!
  2684 | D:7      | Noticed a necrophage
  2691 | D:7      | Killed a necrophage
  2722 | D:7      | Noticed a necrophage
  2732 | D:7      | Killed a necrophage
  2733 | D:7      | Reached skill level 4 in Staves
  2733 | D:7      | Reached XP level 7. HP: 36/36 MP: 9/11
  2737 | D:7      | Learned a level 2 spell: Passwall
  2777 | D:7      | Noticed Menkaure
  2781 | D:7      | Killed Menkaure
  2964 | D:6      | purple potion - mutation
  3024 | D:5      | Entered Level 5 of the Dungeon
  3026 | D:5      | Reached skill level 5 in Staves
  3053 | D:5      | metallic green potion - degeneration
  3115 | D:5      | silvery potion - haste
  3248 | D:5      | Found a sacrificial altar of Ru.
  3264 | D:5      | Reached skill level 1 in Armour
  3342 | D:5      | Gained mutation: You have razor-sharp teeth. [Vine Stalker
                  | growth]
  3342 | D:5      | Reached XP level 8. HP: 38/40 MP: 9/12
  3383 | D:5      | Found a burning altar of Makhleb.
  3388 | D:5      | Found a glowing silver altar of Zin.
  3388 | D:5      | Noticed an Executioner
  3388 | D:5      | Noticed an angel
  3392 | D:5      | Altar vault: contrast of Makhleb and Zin.
  3494 | D:5      | Some kind of peculiar 4way chamber vault in center of
                  | floor.
  3575 | D:5      | murky golden potion - heal wounds
  3709 | D:5      | Reached skill level 6 in Staves
  3921 | Temple   | Entered the Ecumenical Temple
  4034 | Temple   | Temple: partially flooded in large body of water
  4631 | D:6      | Found an iron altar of Okawaru.
  4632 | D:6      | Found the +7 Throatcutter {drain, coup de grace}
  4635 | D:6      | Seriously? Oh wow.
  4697 | D:6      | coppery potion - berserk rage
  4735 | D:6      | Reached skill level 7 in Staves
  4750 | D:6      | Noticed Eustachio
  4814 | D:6      | Killed Eustachio
  4815 | D:6      | Reached skill level 8 in Staves
  4815 | D:6      | Reached XP level 9. HP: 23/44 MP: 5/13
  4839 | D:6      | amulet of the acrobat
  4854 | D:6      | +2 morningstar of protection
  4968 | D:6      | Noticed Prince Ribbit
  4971 | D:6      | Noticed Blork the orc
  4982 | D:6      | Killed Prince Ribbit
  5007 | D:6      | Slain by Blork the orc

Illustrated notes ## #####...## #.@....... #.#######. #.# #.# #.# #.# #.# #.# #####'##### Turn 272 on D:1: Starting vault: 8 rooms. #.>............### #.......#.####.... ###.#####........# #....####.#####. #.....# #..# #.....####.### #####...##...# #.........##.## #.#######..@..####.# #.# ####.......# #.# ##.###... #.# #...# #.# #.K### #.# #... #.# ### #####'##### #P.#...#P.# Turn 426 on D:1: Kobold with +1 whip of draining. #.# #.# #.# #.# ... #.# #.# #@# #.# #.# #.# #.# #.# ... #.# Turn 810 on D:2: GOONENGOSHRA - identify ####.# #....# #.##.###### #.##......# #.#######.# #.# #.# #.# #@# #.# #.# #.# #.# #?. ### Turn 1518 on D:2: rCorr ring ##.####.......# .........###..##.# ##.#####.# #..##.##. ##.# #.# #.......^ ##.# #.# #..##.### ##.# #.# #..##.# ##.#####.###..##.####### ##.........†............ .........###....@..$.... ########## #####......?. ######### Turn 1610 on D:2: Book of Geomancy ####.###.#.# ####.......# ......###..##.# #####.# #..##.##. ##. # #.# #.......^ .. # #.# #..##.### >. # #.# #..##.# .# #####.###..##.#######.## ........†.......@......#.## ......###.................. ####### #####.........#### ########### Turn 1622 on D:2: fuming yellow potion - magic ##.## #.#.##.............# #...### #.#.#####.###..#.#.. #.#..)# #.#.# ##.###..#...# #...#.# #.... ........##### #####.# ##..# ######..).... #.# #..# ######## ####†## #..# # #.....# #..# # #.....#####.@# # #.........#..###### #.....###.........# #.....# ###..####.# ###.### #.....# #.# #..##.# ####.# #.###.# # #....# #.# #.#.# #.##.#######.# #.#.##### Turn 1664 on D:2: sInv ring ########. #@....... ########. Turn 1821 on D:3: XOUSKO OFEXT - enchant armour ########.. #<@....... ########.# Turn 1825 on D:3: BRUH #.######## ..# #.# # #.# #.######## .. #. #.# #.#.....). ... #. #.#######.#.###### .... #. #.#.......#.# #. #.... #. #.#.#######.# #. ..... #. #.#.# #.# #. ...?. #.####@#.#######.#####. ......#####......#.#P............ #.<. ........#####.#....≈........ #.# #######†# #.#P.P.≈≈(..[... #.# #####'## #.#.P..P≈≈≈♣P..# #.# #......# #.#..P.≈≈≈≈≈..P# #.# #......# #.#...≈≈≈≈≈≈≈..# #.# #......# #.#.≈≈≈≈≈≈≈≈≈≈P. #.# #......# #.#.≈≈≈≈≈≈≈≈≈≈.# Turn 2194 on D:3: A good artifact spear for those who are unlikely to get the Lajatang of Order.

:) ,*
****,,,,,,,,,******,**,***** ,*
***,,,,,_,*.....,,,,* * ,*
**,,**,,,*.....,,,,***** ,*
******,,,**####.....,,,,*,,,, ,*
*,,,,,,,,,,.........,,,,*,*** ,*
*,********##........,**,*,* * ,*
*,,,,,,,,,,.........,,,,*,* *
,****,,**#######........,****,* *
,,,,,,,,,.......@.......,* *,* *
,****,,**#####.#...##.##,* *,* *
,* *,,* #,#....#,**,* *,* *
,****,,* *,#......**,****,* *
,,,,,,,*******,#....###*,,>,,,* *
*,,,*,,,,,,,,,,####..************
*,,,***********,,,,...,,,,,,,,,,,
,,,,,,,,,,,,,,,,,,,....,,,,,,,,,,
,**************,****,,,,,**,,,,,,


Turn 2390 on D:4: GEM UGYITAM - magic mapping ,* ****,,,,,,,,,******,**,***** ,*
***,,,,,_,*.....,,,,* * ,* **,,**,,,*.....,,,,***** ,*
******,,,**####.....,,,,*,,,, ,* *,,,,,,,,,,.........,,,,*,*** ,*
*,********##........,**,*,* * ,* *,,,,,,,,,,.........,,,,*,* *
,****,,**#######........,****,* * ,,,,,,,,,.......@.......,* *,* *
,****,,**#####.#...##.##,* *,* * ,* *,,* #,#....#,**,* *,* * ,****,,*
*,#......**,****,* * ,,,,,,,*******,#....###*,,>,,,* *
*,,,*,,,,,,,,,,####..************ *,,,***********,,,,...,,,,,,,,,,,
,,,,,,,,,,,,,,,,,,,....,,,,,,,,,, ,**************,****,,,,,**,,,,,, Turn 2391 on
D:4: ODDINO JEOZUOL - amnesia ,* ****,,,,,,,,,******,**,***** ,*
***,,,,,_,*.....,,,,* * ,* **,,**,,,*.....,,,,***** ,*
******,,,**####.....,,,,*,,,, ,* *,,,,,,,,,,.........,,,,*,*** ,*
*,********##........,**,*,* * ,* *,,,,,,,,,,.........,,,,*,* *
,****,,**#######........,****,* * ,,,,,,,,,.......@.......,* *,* *
,****,,**#####.#...##.##,* *,* * ,* *,,* #,#....#,**,* *,* * ,****,,*
*,#......**,****,* * ,,,,,,,*******,#....###*,,>,,,* *
*,,,*,,,,,,,,,,####..************ *,,,***********,,,,...,,,,,,,,,,,
,,,,,,,,,,,,,,,,,,,....,,,,,,,,,, ,**************,****,,,,,**,,,,,, Turn 2392 on
D:4: GOMNOA VYROM - teleportation *,* ****,,,,,,,,,******,* *,*
***,,,,,_,*.....,, *,* **,,**,,,*.....,, *,* ******,,,**####.....,, *,*
*,,,,,,,,,,.........,, *,* *,********##........,* *,* #,,,,,,,,,,.........,,
***,*###..#########........,* *>,,,.......@......§.......,*
*,*,*###..#######.#...##.##,* *,*,* #,,* #,#....#,**,* *,*,****,,* *,#......**,*
*,*,,,,,,,*******,#....###*,, *****,**,,,*,,,,,,,,,,####..*****
*,,,,,**,,,***********,,,,...,,,, *,***,,,,,,,,,,,,,,,,,,,,,....,,,
,,,****,**************,****,,,,,* Turn 2393 on D:4: RAFUKU LETUY - blinking ***
*<* ##### *,* ######...#### *,* #.P.##......#*** *,* #P_PP...###,,,,****** *,*
#...@...PP####,,,,,,* *,* ####P........#*####,* *,* ###..PP._.#.....,, *,*
##..##.P.#.....,, *,* ######...######.....,, *,* #........(..........,, #.#
#.##########........,* #.# #...................., **#.####..#########........,*
Turn 2438 on D:4: Altar vault: contrast of Kiku and Fedhas. ...........#
...........##### ................ ................ ...##...<#......
##########+####...... #...........###...... #........(..'.'......
#...@.......###...... #...........# ####### #...........# #...........#
############# Turn 2964 on D:6: purple potion - mutation #.# ##.## #.# #...#####
#.# ###..>..... #.# ##.#.>>..# #.# ##.#.####.# ##.###.###.# #.....## ##
#..##..## #@.##...# ##..#....# #........# #...#..[.# #.#)##...# #.#.##..##
#.(.##.## #♣ ♣♣♣+♣ Turn 3053 on D:5: metallic green potion - degeneration
##################### #.)).........Z.@....# ##.#################.# ...# ####
Turn 3115 on D:5: silvery potion - haste #.# #...###### ### #.# ###..>...... #..
#.# ##.#.>>..# #.# #.# ##.#.####.## #.# ##.###.###.##... #.# #.....## ###.. #.#
#..##..## #.#.+### #Z# #!.##...####.....### #.# ##..#....##1#_@.._#A# #.#
#........####Z....###########Z# #...#..[.# #.#.+### ##........# #.#)##...#
###...# #.####.##### #.#Z##..## #...# ..# ##.## #.(.##.## ##Z## ..# #...#
#♣'♣♣♣'♣ #.###..# ##.## ♣.....♣ #.....# ##...## ♣.###.♣ ########..## #.....#
Turn 3392 on D:5: Altar vault: contrast of Makhleb and Zin. ...)..#
####.....#### .#..#<##### ##Z..## .(........# #.....# ....###########...## .##.#
#.####.## .##.#######..##...# .##...........##.## ...[.........###Z<##
###########.....@..# #...#...#..... ##.....###.### #.##.## #.. #.###.# ### #.#
.# #Z# . ############.####.. .....Z.............. Turn 3494 on D:5: Some kind of
peculiar 4way chamber vault in center of floor. #. #. #. #. #. #. #.########
#.@ZZ....# ########.# #.# #Z# #.# #.# ##########.# #......Z...# #Z##########
Turn 3575 on D:5: murky golden potion - heal wounds ≈≈≈≈≈≈≈≈≈≈≈≈≈≈≈≈≈≈≈≈≈≈≈≈≈≈
≈≈≈≈≈≈≈≈≈≈≈≈≈≈≈≈≈≈≈≈≈≈≈≈≈≈ ≈≈≈≈≈≈≈≈≈≈≈≈≈≈≈≈≈≈≈≈≈≈≈≈≈≈
≈≈≈≈≈≈≈≈≈≈≈≈≈≈≈≈≈≈≈≈≈≈≈≈≈≈≈ .≈.#≈≈####.####≈≈≈≈≈≈≈≈≈≈≈≈
.8≈_..._..._..#≈≈≈≈≈≈≈≈≈≈≈≈ ≈..≈.≈≈≈.≈.≈≈≈#≈#≈≈≈≈≈≈≈≈≈≈
≈.≈.≈......≈.≈≈...#≈≈≈≈≈≈≈≈ ≈≈≈.≈≈.≈≈.≈.≈.≈.@≈#≈≈≈≈≈≈≈≈
≈≈.≈...≈.≈≈≈....≈8#≈≈≈≈≈≈≈≈ ..≈...≈≈≈≈..≈≈##.≈.≈≈≈≈≈≈≈≈
..≈_.8._≈...≈.≈≈≈≈≈≈≈≈≈≈≈≈≈ ≈≈##≈##≈≈≈≈#≈##≈≈≈≈≈≈≈≈≈≈≈≈
≈≈≈≈≈≈≈≈≈≈≈≈≈≈≈≈≈≈≈≈≈≈≈≈≈≈≈ ≈≈≈≈≈≈≈≈≈≈≈≈≈≈≈≈≈≈≈≈≈≈≈≈≈≈≈
≈≈≈≈≈≈≈≈≈≈≈≈≈≈≈≈≈≈≈≈≈≈≈≈≈≈≈ ≈≈≈≈≈≈≈≈≈≈≈≈≈≈≈≈≈≈≈≈≈≈≈≈≈≈≈ Turn 4034 on Temple:
Temple: partially flooded in large body of water ######## #......# #..... ##
##...# ..## ######## ###...###..!## .......####............#
.......'......#.).).#. .......####..##.@_..# .......# ##[.#.).).# ########
#...........# .....###....# # #.###...# ..... . . .#... .... # #.##### #.. .. +#
Turn 4635 on D:6: Seriously? Oh wow. .. #####'####.##.# #.(........##.#
#..........'^.# #.......)..#### #..........# #..........# #..........#
#..........# #@...$.....# #.......... #####+#### Turn 4697 on D:6: coppery
potion - berserk rage #..........# #..........# #..........# #....Z.....#
#..........# #####'########## . #.............## .. #..............#
.#.#.........@### ...........ZZ## ##...........# ....#..<#....# ###...#...####
#....<#.)## ##.#..#..# #.##.#..# # #..Z Turn 4839 on D:6: amulet of the acrobat
#..........# #####'########## . #.............## .. #...........Z..#
.#.#..........###.### .............##.....# ##...........#....#.#
....#..<#....#....#.# ###...#...####ZZ@## # #....<#.)##)..#### ##.#..#..#....#
#.##.#..#....# # #......## #.#..## #.#.. .. .## Turn 4854 on D:6: +2 morningstar
of protection

Levels and vault maps discovered:
D:1:      dpeg_arrival_prison, layout_rooms,
          shapermc_ecumenical_altar_mp_ritualfount, minmay_misc_feat_tower
D:2:      layout_loops_ring, uniq_robin
D:3:      layout_basic, yredelemnul_forgotten_temple_becter,
          minmay_misc_feat_columns, serial_park_tiny_2, guppyfry_early_lair_pool
D:4:      layout_basic, grunt_temple_overflow_growth_and_decay,
          minmay_temple_entry_tees, eino_small_chamber_without_monster,
          minmay_hedge_maze, kennysheep_generic_room_5
D:5:      layout_loops_ring, grunt_temple_overflow_order_and_chaos_2,
          mainiacjoe_overflow_six_doors_small, nicolae_figureground_sparkle
D:6:      layout_basic, okawaru_ov_weapons_minmay, minmay_bent,
          uniq_blork_the_orc, uniq_prince_ribbit1, uniq_eustachio
D:7:      layout_basic, amcnicky_mini_pool_small, uniq_menkaure
Temple:   chequers_temple_sunken

Skill      XL: |  1  2  3  4  5  6  7  8 |
---------------+-------------------------+-----
Fighting       | 1 2 3 |  3.0
Staves         | 1 3 4 5 8 |  8.5
Stealth        | 3 4 |  4.0
Invocations    | 1 2 3 |  3.0
Armour         | 1 3 |  3.7
Dodging        | |  1.6
Spellcasting   | |  2.3
Conjurations   | |  4.2

Action                   |  1- 3 |  4- 6 |  7- 9 || total
-------------------------+-------+-------+-------++-------
Melee: Unarmed           |    51 |       |       ||    51
       Bite              |    23 |    11 |    23 ||    57
       Punch             |     1 |       |       ||     1
       Whip              |    77 |     4 |       ||    81
       Lajatang          |       |    58 |   113 ||   171
 Cast: Magic Dart        |    35 |     1 |       ||    36
  Use: Scroll            |     1 |     7 |     5 ||    13
       Potion            |       |       |     2 ||     2
 Stab: Sleeping          |     2 |     2 |     3 ||     7
Armor: Robe              |    41 |     4 |       ||    45
       Ring mail         |       |    27 |    58 ||    85
Dodge: Dodged            |    94 |    42 |    76 ||   212
